Canadiens vs Penguins
Created - April 13, 2022 at 19:07
Goals
|
| Canadiens |
0 |
2 |
0 |
2 |
| Penguins |
0 |
1 |
0 |
1 |
|
Shots
|
| Canadiens |
7 |
12 |
11 |
30 |
| Penguins |
5 |
17 |
13 |
35 |
|
1st period
No Goal
Penalties :
No Penalty
2nd period
1. Canadiens , Mark Stuart 2 (Jean-Gabriel Pageau 23) at 1:28 (PP)
2. Canadiens , Nick Spaling 6 (Bryce Lampman 10) at 11:21
3. Penguins , Derek Boogaard 10 (Steven Stamkos 50) at 13:35 (PP)
Penalties :
Nikita Kucherov (Pit) for Roughing (Minor) at 0:46, Derek Stepan (Pit) for High sticking (Minor) at 2:39, Daniel Carcillo (Mon) for Holding (Minor) at 8:53, Nick Spaling (Mon) for Hooking (Minor) at 13:30, Phil Kessel (Mon) for Holding (Minor) at 19:07
3rd period
No Goal
Penalties :
Nikita Kucherov (Pit) for Hooking (Minor) at 8:02, Robert Hagg (Pit) for Hooking (Minor) at 11:58, Phil Kessel (Mon) for Hooking (Minor) at 17:28, Oliver Ekman-Larsson (Pit) for Holding (Minor) at 19:27
Goalie Stats
Kristers Gudlevskis (Mon), 34 saves from 35 shots - (0.971), W, 24-15-4, 60:00 minutes
Jacob Markstrom (Pit), 28 saves from 30 shots - (0.933), L, 28-15-2, 60:00 minutes
Players Stats for Canadiens
Player Name G A P +/- PIM S H SB GA TA FO MP PP MP PK MP
------------------------------------------------------------------------------------
Brian Dumoulin 0 0 0 0 0 0 1 1 0 1 0/0 12:07 0:00 0:05
Bryce Lampman 0 1 1 1 0 0 2 1 0 0 0/0 21:12 3:50 2:01
Cam Fowler 0 0 0 0 0 3 0 2 0 1 0/0 25:45 3:21 3:26
Chad Larose 0 0 0 1 0 1 0 0 0 0 0/0 7:52 0:00 0:43
Chris Kreider 0 0 0 0 0 4 4 0 1 0 1/3 22:09 3:47 3:56
Daniel Carcillo 0 0 0 0 2 1 0 0 0 0 1/1 11:22 0:00 0:00
Dave Bolland 0 0 0 0 0 1 0 0 1 0 6/11 11:39 0:00 0:31
Greg Stewart 0 0 0 0 0 3 0 0 0 1 0/1 19:27 3:24 1:14
Jean-Gabriel Pageau 0 1 1 0 0 2 2 0 2 1 9/21 21:15 3:24 3:46
John Carlson 0 0 0 0 0 1 2 1 2 2 0/0 24:44 3:21 2:01
Jordan Szwarz 0 0 0 1 0 3 0 0 0 0 0/0 6:55 0:00 0:00
Mark Stuart 1 0 1 1 0 1 3 0 0 1 0/0 23:03 3:50 3:56
Mats Zuccarello 0 0 0 0 0 0 0 0 0 0 0/0 11:08 0:00 0:00
Mika Zibanejad 0 0 0 0 0 4 1 0 1 0 11/20 20:20 3:47 1:54
Nick Spaling 1 0 1 1 2 2 2 0 0 0 1/2 6:54 0:00 0:00
Phil Kessel 0 0 0 0 4 1 3 1 0 1 2/3 18:24 3:47 0:00
Philip Larsen 0 0 0 0 0 1 3 1 0 0 0/0 12:06 0:00 0:35
Steve Downie 0 0 0 0 0 2 2 0 1 0 1/1 17:32 3:24 0:00
Players Stats for Penguins
Player Name G A P +/- PIM S H SB GA TA FO MP PP MP PK MP
------------------------------------------------------------------------------------
Brandon Tanev 0 0 0 0 0 1 1 1 0 1 0/0 9:37 0:00 0:00
Cal Clutterbuck 0 0 0 -1 0 2 1 1 0 0 0/0 10:09 0:10 0:00
Clarke MacArthur 0 0 0 -1 0 2 1 0 0 0 0/0 10:16 0:00 0:17
Damon Severson 0 0 0 0 0 1 0 2 0 0 0/0 12:21 0:00 0:00
Derek Boogaard 1 0 1 0 0 1 1 0 0 0 1/2 22:44 3:05 4:36
Derek Stepan 0 0 0 0 2 5 4 0 0 0 5/12 16:02 2:47 1:08
Jeff Skinner 0 0 0 0 0 0 0 0 0 0 0/0 16:50 2:47 1:55
Joe Colborne 0 0 0 -1 0 2 2 0 2 0 3/7 10:26 0:00 0:24
Joe Pavelski 0 0 0 0 0 3 0 1 1 0 1/2 16:04 2:47 1:16
Keith Aulie 0 0 0 -1 0 0 0 1 0 1 0/0 28:00 3:41 4:38
Marcus Foligno 0 0 0 0 0 2 1 0 1 0 0/0 9:37 0:00 0:00
Nick Leddy 0 0 0 0 0 0 0 1 2 2 0/0 20:11 2:21 3:05
Nikita Kucherov 0 0 0 0 4 4 1 0 0 0 2/3 18:20 3:15 0:00
Oliver Ekman-Larsson 0 0 0 -1 2 2 0 1 1 0 0/0 27:27 3:40 4:06
Robert Hagg 0 0 0 0 2 2 0 3 0 0 0/0 12:20 0:00 0:00
Roope Hintz 0 0 0 0 0 2 1 0 1 0 0/4 9:37 0:00 0:00
Sean Zimmerman 0 0 0 0 0 1 0 0 0 3 0/0 19:39 2:21 2:33
Steven Stamkos 0 1 1 0 0 5 0 0 0 1 19/33 23:04 3:15 4:46
3 Stars
1 - Kristers Gudlevskis (Mon)
2 - Mark Stuart (Mon)
3 - Nick Spaling (Mon)
Power Play
Canadiens - 1 on 5 Attempt(s) - 20.00%
Penguins - 1 on 4 Attempt(s) - 25.00%
Penalty Kill
Canadiens - 3 on 4 Attempt(s) - 75.00%
- Score 0 goal in Penalty Kill
Penguins - 4 on 5 Attempt(s) - 80.00%
- Score 0 goal in Penalty Kill
Team Stat
Canadiens - Hits : 25 - Faceoff Wins : 32 - Blocked Shots : 7 - Penalty Minutes : 8
Penguins - Hits : 13 - Faceoff Wins : 31 - Blocked Shots : 11 - Penalty Minutes : 10
Official
Referees : Michael Markovic and Jon McIsaac
Linesman : Ryan Galloway and Tyson Baker
Game Notes
No Game Note
Finance
Level 1 -- Attendance: 5875 (97.92%) -- Ticket Income $587,500
Level 2 -- Attendance: 5000 (100.00%) -- Ticket Income $300,000
Level 3 -- Attendance: 2000 (100.00%) -- Ticket Income $70,000
Level 4 -- Attendance: 3773 (94.33%) -- Ticket Income $94,325
Luxury Box -- Attendance: 930 (93.00%) -- Ticket Income $186,000
Game was played at the PPG Paint Arena.
Total Attendance: 17578 (97.66%)
Total Ticket Income: $1,237,825
Other Income: $185,674
Total Income: $1,423,499
Canadiens
5 vs 5 Forward
Center Left Wing Right Wing Time % Phy DF OF
1 Mika Zibanejad Chris Kreider Phil Kessel 35 0 1 4
2 Jean-Gabriel Pageau Greg Stewart Steve Downie 35 0 1 4
3 Dave Bolland Daniel Carcillo Mats Zuccarello 25 0 2 3
4 Nick Spaling Chad Larose Jordan Szwarz 5 0 3 2
5 vs 5 Defense
Defense Defense Time % Phy DF OF
1 John Carlson Cam Fowler 40 0 2 3
2 Bryce Lampman Mark Stuart 35 0 3 2
3 Philip Larsen Brian Dumoulin 15 0 3 2
4 Cam Fowler John Carlson 10 0 2 3
PowerPlay Forward
Center Left Wing Right Wing Time % Phy DF OF
1 Mika Zibanejad Chris Kreider Phil Kessel 50 0 1 4
2 Jean-Gabriel Pageau Greg Stewart Steve Downie 50 0 1 4
PowerPlay Defense
Defense Defense Time % Phy DF OF
1 Cam Fowler John Carlson 50 0 1 4
2 Bryce Lampman Mark Stuart 50 0 1 4
Penalty Kill 4 Players Forward
Center Wing Time % Phy DF OF
1 Jean-Gabriel Pageau Chris Kreider 60 0 3 2
2 Mika Zibanejad Greg Stewart 40 0 3 2
Penalty Kill 4 Players Defense
Defense Defense Time % Phy DF OF
1 Cam Fowler Mark Stuart 60 0 3 2
2 Bryce Lampman John Carlson 40 0 3 2
Penalty Kill - 3 Players Forward
Forward Time % Phy DF OF
1 Jean-Gabriel Pageau 60 1 4 0
2 Nick Spaling 40 0 4 1
Penalty Kill - 3 Players Defense
Defense Defense Time % Phy DF OF
1 Cam Fowler Philip Larsen 60 0 4 1
2 Bryce Lampman Mark Stuart 40 0 4 1
4 vs 4 Forward
Center Wing Time % Phy DF OF
1 Jean-Gabriel Pageau Chris Kreider 60 0 2 3
2 Mika Zibanejad Greg Stewart 40 0 2 3
4 vs 4 Defense
Defense Defense Time % Phy DF OF
1 Cam Fowler John Carlson 60 0 2 3
2 Bryce Lampman Mark Stuart 40 0 2 3
Last Minutes Offensive
Center Left Wing Right Wing Defense Defense
Mika Zibanejad Chris Kreider Phil Kessel Cam Fowler John Carlson
Last Minutes Defensive
Center Left Wing Right Wing Defense Defense
Jean-Gabriel Pageau Chris Kreider Phil Kessel Cam Fowler Mark Stuart
Goaltenders
Starting : Kristers Gudlevskis
Backup : Allen York
Extra Forwards
Normal : Mika Zibanejad, Steve Downie, Daniel Carcillo - PP : Mika Zibanejad, Steve Downie - PK : Mika Zibanejad
Extra Defensemen
Normal : Mark Stuart, Philip Larsen, Brian Dumoulin - PP : Mark Stuart - PK : Mark Stuart, Philip Larsen
Penalty Shots
Chris Kreider, Mika Zibanejad, Phil Kessel, Greg Stewart, Mats Zuccarello
Scratches
None
Penguins
5 vs 5 Forward
Center Left Wing Right Wing Time % Phy DF OF
1 Steven Stamkos Derek Boogaard Nikita Kucherov 40 1 2 2
2 Derek Stepan Jeff Skinner Joe Pavelski 30 1 2 2
3 Joe Colborne Clarke MacArthur Cal Clutterbuck 20 1 2 2
4 Roope Hintz Brandon Tanev Marcus Foligno 10 1 2 2
5 vs 5 Defense
Defense Defense Time % Phy DF OF
1 Oliver Ekman-Larsson Keith Aulie 40 1 2 2
2 Sean Zimmerman Nick Leddy 30 1 2 2
3 Damon Severson Robert Hagg 20 1 2 2
4 Oliver Ekman-Larsson Keith Aulie 10 1 2 2
PowerPlay Forward
Center Left Wing Right Wing Time % Phy DF OF
1 Steven Stamkos Derek Boogaard Nikita Kucherov 60 1 2 2
2 Derek Stepan Jeff Skinner Joe Pavelski 40 1 2 2
PowerPlay Defense
Defense Defense Time % Phy DF OF
1 Oliver Ekman-Larsson Keith Aulie 60 1 2 2
2 Sean Zimmerman Nick Leddy 40 1 2 2
Penalty Kill 4 Players Forward
Center Wing Time % Phy DF OF
1 Steven Stamkos Derek Boogaard 60 1 2 2
2 Derek Stepan Jeff Skinner 40 1 2 2
Penalty Kill 4 Players Defense
Defense Defense Time % Phy DF OF
1 Oliver Ekman-Larsson Keith Aulie 60 1 2 2
2 Sean Zimmerman Nick Leddy 40 1 2 2
Penalty Kill - 3 Players Forward
Forward Time % Phy DF OF
1 Steven Stamkos 60 1 2 2
2 Derek Stepan 40 1 2 2
Penalty Kill - 3 Players Defense
Defense Defense Time % Phy DF OF
1 Oliver Ekman-Larsson Keith Aulie 60 1 2 2
2 Sean Zimmerman Nick Leddy 40 1 2 2
4 vs 4 Forward
Center Wing Time % Phy DF OF
1 Steven Stamkos Derek Boogaard 60 1 2 2
2 Derek Stepan Jeff Skinner 40 1 2 2
4 vs 4 Defense
Defense Defense Time % Phy DF OF
1 Oliver Ekman-Larsson Keith Aulie 60 1 2 2
2 Sean Zimmerman Nick Leddy 40 1 2 2
Last Minutes Offensive
Center Left Wing Right Wing Defense Defense
Steven Stamkos Derek Boogaard Nikita Kucherov Oliver Ekman-Larsson Keith Aulie
Last Minutes Defensive
Center Left Wing Right Wing Defense Defense
Steven Stamkos Derek Boogaard Nikita Kucherov Oliver Ekman-Larsson Keith Aulie
Goaltenders
Starting : Jacob Markstrom
Backup : Viktor Fasth
Extra Forwards
Normal : Joe Pavelski, Cal Clutterbuck, Marcus Foligno - PP : Joe Pavelski, Cal Clutterbuck - PK : Joe Pavelski
Extra Defensemen
Normal : Nick Leddy, Damon Severson, Robert Hagg - PP : Nick Leddy - PK : Nick Leddy, Damon Severson
Penalty Shots
Steven Stamkos, Nikita Kucherov, Derek Stepan, Derek Boogaard, Joe Pavelski
Scratches
Lars Eller (Suspend)
% Time on Ice - Canadiens
Lines # - Real PCT - Wanted PCT - Time Play
Normal Forward
1 - 30% - 35% - 14:10
2 - 31% - 35% - 14:34
3 - 24% - 25% - 11:08
4 - 15% - 5% - 6:55
Normal Defense
1 - 37% - 40% - 17:09
2 - 35% - 35% - 16:11
3 - 25% - 15% - 11:31
4 - 4% - 10% - 1:56
PP Forward
1 - 53% - 50% - 3:47
2 - 47% - 50% - 3:24
PP Defense
1 - 47% - 50% - 3:21
2 - 53% - 50% - 3:50
PK Forward
1 - 80% - 60% - 4:48
2 - 20% - 40% - 1:14
PK Defense
1 - 67% - 60% - 4:01
2 - 33% - 40% - 2:01
PK3 Forward
1 - 0% - 60%
2 - 0% - 40%
PK3 Defense
1 - 0% - 60%
2 - 0% - 40%
44 Forward
1 - 0% - 60%
2 - 0% - 40%
44 Defense
1 - 0% - 60%
2 - 0% - 40%
Last Minute Offensive - 0:00
Last Minute Defensive - 0:00
Total
Forward - 60:00
Defense - 60:00
|
% Time on Ice - Penguins
Lines # - Real PCT - Wanted PCT - Time Play
Normal Forward
1 - 32% - 40% - 15:03
2 - 26% - 30% - 12:08
3 - 21% - 20% - 9:59
4 - 21% - 10% - 9:37
Normal Defense
1 - 38% - 40% - 17:36
2 - 32% - 30% - 14:45
3 - 26% - 20% - 12:21
4 - 4% - 10% - 2:05
PP Forward
1 - 54% - 60% - 3:15
2 - 46% - 40% - 2:47
PP Defense
1 - 61% - 60% - 3:41
2 - 39% - 40% - 2:21
PK Forward
1 - 73% - 60% - 5:16
2 - 27% - 40% - 1:55
PK Defense
1 - 65% - 60% - 4:38
2 - 35% - 40% - 2:33
PK3 Forward
1 - 0% - 60%
2 - 0% - 40%
PK3 Defense
1 - 0% - 60%
2 - 0% - 40%
44 Forward
1 - 0% - 60%
2 - 0% - 40%
44 Defense
1 - 0% - 60%
2 - 0% - 40%
Last Minute Offensive - 0:00
Last Minute Defensive - 0:00
Total
Forward - 60:00
Defense - 60:00
|
Play-by-Play
1st period
0:01 of 1st period - Mika Zibanejad wins face-off versus Steven Stamkos in neutral zone.
0:04 of 1st period - Derek Boogaard is hit by John Carlson and loses puck.
0:36 of 1st period - Steve Downie is hit by Derek Stepan and loses puck.
1:48 of 1st period - Wrist shot by Greg Stewart.
1:48 of 1st period - Shot Misses the Net.
1:54 of 1st period - Snap shot by Greg Stewart.
1:54 of 1st period - Shot Misses the Net.
2:26 of 1st period - Wrist shot by Roope Hintz.
2:26 of 1st period - Stopped by Kristers Gudlevskis with a rebound.
3:47 of 1st period - Slapshot by Greg Stewart.
3:47 of 1st period - Deflect By Jean-Gabriel Pageau.
3:47 of 1st period - Shot Blocked by Nick Leddy.
3:47 of 1st period - Puck is out of play.
3:48 of 1st period - Steven Stamkos wins face-off versus Mika Zibanejad in Penguins zone.
3:48 of 1st period - Steven Stamkos is hit by Mark Stuart.
4:04 of 1st period - Wrist shot by Chris Kreider.
4:04 of 1st period - Stopped by Jacob Markstrom without a rebound.
4:05 of 1st period - Derek Stepan wins face-off versus Dave Bolland in Penguins zone.
4:31 of 1st period - Robert Hagg is hit by Chris Kreider and loses puck.
4:58 of 1st period - Wrist shot by Jordan Szwarz.
4:58 of 1st period - Stopped by Jacob Markstrom without a rebound.
4:59 of 1st period - Dave Bolland wins face-off versus Derek Stepan in Penguins zone.
5:26 of 1st period - Steven Stamkos is hit by Philip Larsen.
5:55 of 1st period - Damon Severson is hit by Nick Spaling and loses puck.
6:19 of 1st period - Joe Pavelski is hit by Philip Larsen and loses puck.
6:32 of 1st period - Robert Hagg is hit by Mark Stuart and loses puck.
6:47 of 1st period - Mark Stuart is hit by Joe Colborne and loses puck.
7:00 of 1st period - Mika Zibanejad is hit by Derek Stepan and loses puck.
7:30 of 1st period - Bryce Lampman is hit by Joe Colborne.
8:00 of 1st period - Snap shot by Jeff Skinner.
8:00 of 1st period - Shot Misses the Net.
10:06 of 1st period - Daniel Carcillo is hit by Brandon Tanev and loses puck.
12:17 of 1st period - Nick Leddy is hit by Phil Kessel and loses puck.
12:28 of 1st period - Bryce Lampman is hit by Roope Hintz and loses puck.
13:06 of 1st period - Slapshot by Joe Colborne.
13:06 of 1st period - Stopped by Kristers Gudlevskis with a rebound.
13:08 of 1st period - Snap shot by Robert Hagg.
13:08 of 1st period - Stopped by Kristers Gudlevskis without a rebound.
13:09 of 1st period - Joe Colborne wins face-off versus Dave Bolland in Canadiens zone.
13:24 of 1st period - Clarke MacArthur is hit by Mika Zibanejad and loses puck.
14:00 of 1st period - Wrist shot by Derek Stepan.
14:00 of 1st period - Stopped by Kristers Gudlevskis without a rebound.
14:01 of 1st period - Derek Stepan wins face-off versus Dave Bolland in Canadiens zone.
14:12 of 1st period - Wrist shot by Mats Zuccarello.
14:12 of 1st period - Shot Misses the Net.
15:02 of 1st period - Nick Leddy is hit by Bryce Lampman and loses puck.
16:39 of 1st period - Backhand shot by Cal Clutterbuck.
16:39 of 1st period - Deflect By Chris Kreider.
16:39 of 1st period - Shot Misses the Net.
16:39 of 1st period - Puck is out of play.
16:40 of 1st period - Steven Stamkos wins face-off versus Jean-Gabriel Pageau in Canadiens zone.
16:55 of 1st period - Wrist shot by Greg Stewart.
16:55 of 1st period - Stopped by Jacob Markstrom with a rebound.
16:57 of 1st period - Wrist shot by John Carlson.
16:57 of 1st period - Shot Misses the Net.
17:29 of 1st period - Marcus Foligno is hit by Nick Spaling and loses puck.
17:51 of 1st period - Slapshot by Damon Severson.
17:51 of 1st period - Stopped by Kristers Gudlevskis with a rebound.
17:53 of 1st period - Slapshot by Damon Severson.
17:53 of 1st period - Shot Blocked by Cam Fowler.
17:55 of 1st period - Snap shot by Derek Boogaard.
17:55 of 1st period - Shot Misses the Net.
18:06 of 1st period - Icing by Jean-Gabriel Pageau.
18:07 of 1st period - Jean-Gabriel Pageau wins face-off versus Derek Stepan in Canadiens zone.
18:18 of 1st period - Snap shot by Daniel Carcillo.
18:18 of 1st period - Shot Misses the Net.
18:36 of 1st period - Slapshot by Nick Spaling.
18:36 of 1st period - Stopped by Jacob Markstrom without a rebound.
18:37 of 1st period - Steven Stamkos wins face-off versus Nick Spaling in Penguins zone.
18:37 of 1st period - Steven Stamkos is hit by Brian Dumoulin.
18:51 of 1st period - Snap shot by Jordan Szwarz.
18:51 of 1st period - Stopped by Jacob Markstrom with a rebound.
18:53 of 1st period - Slapshot by Philip Larsen.
18:53 of 1st period - Shot Blocked by Robert Hagg.
19:08 of 1st period - Steve Downie is hit by Derek Stepan and loses puck.
19:27 of 1st period - Oliver Ekman-Larsson is hit by John Carlson and loses puck.
19:36 of 1st period - Wrist shot by Dave Bolland.
19:36 of 1st period - Deflect By Daniel Carcillo.
19:36 of 1st period - Shot Misses the Net.
19:36 of 1st period - Puck is out of play.
19:37 of 1st period - Mika Zibanejad wins face-off versus Steven Stamkos in Penguins zone.
19:40 of 1st period - Snap shot by Mika Zibanejad.
19:40 of 1st period - Stopped by Jacob Markstrom without a rebound.
19:41 of 1st period - Mika Zibanejad wins face-off versus Steven Stamkos in Penguins zone.
19:42 of 1st period - Slapshot by Chris Kreider.
19:42 of 1st period - Stopped by Jacob Markstrom with a rebound.
Goals for this period are 0 for Canadiens vs 0 for Penguins.
Shots for this period are 7 for Canadiens vs 5 for Penguins.
2nd period
0:01 of 2nd period - Steven Stamkos wins face-off versus Jean-Gabriel Pageau in neutral zone.
0:10 of 2nd period - Wrist shot by Steve Downie.
0:10 of 2nd period - Stopped by Jacob Markstrom with a rebound.
0:12 of 2nd period - Slapshot by Cam Fowler.
0:12 of 2nd period - Stopped by Jacob Markstrom with a rebound.
0:46 of 2nd period - Minor Penalty to Nikita Kucherov for Roughing.
0:47 of 2nd period - Steven Stamkos wins face-off versus Mika Zibanejad in Penguins zone.
0:47 of 2nd period - Steven Stamkos is hit by Phil Kessel.
1:11 of 2nd period - Icing by Phil Kessel.
1:12 of 2nd period - Steven Stamkos wins face-off versus Mika Zibanejad in Canadiens zone.
1:22 of 2nd period - Off-side.
1:23 of 2nd period - Jean-Gabriel Pageau wins face-off versus Joe Pavelski in neutral zone.
1:26 of 2nd period - Slapshot by Mark Stuart.
1:26 of 2nd period - Shot Blocked by Joe Pavelski.
1:28 of 2nd period - Slapshot by Mark Stuart.
1:28 of 2nd period - Goal by Mark Stuart - Canadiens : 1 - Penguins : 0.
1:29 of 2nd period - Mika Zibanejad wins face-off versus Steven Stamkos in neutral zone.
1:42 of 2nd period - Slapshot by Oliver Ekman-Larsson.
1:42 of 2nd period - Deflect By Steven Stamkos.
1:42 of 2nd period - Stopped by Kristers Gudlevskis with a rebound.
1:44 of 2nd period - Snap shot by Nikita Kucherov.
1:44 of 2nd period - Stopped by Kristers Gudlevskis without a rebound.
1:45 of 2nd period - Derek Stepan wins face-off versus Jean-Gabriel Pageau in Canadiens zone.
1:46 of 2nd period - Snap shot by Joe Pavelski.
1:46 of 2nd period - Stopped by Kristers Gudlevskis without a rebound.
1:47 of 2nd period - Jean-Gabriel Pageau wins face-off versus Derek Stepan in Canadiens zone.
2:04 of 2nd period - Slapshot by Oliver Ekman-Larsson.
2:04 of 2nd period - Deflect By Derek Stepan.
2:04 of 2nd period - Shot Blocked by John Carlson.
2:04 of 2nd period - Puck is out of play.
2:05 of 2nd period - Steven Stamkos wins face-off versus Mika Zibanejad in Canadiens zone.
2:06 of 2nd period - Slapshot by Nikita Kucherov.
2:06 of 2nd period - Stopped by Kristers Gudlevskis without a rebound.
2:07 of 2nd period - Steven Stamkos wins face-off versus Mika Zibanejad in Canadiens zone.
2:39 of 2nd period - Minor Penalty to Derek Stepan for High sticking.
2:40 of 2nd period - Steven Stamkos wins face-off versus Jean-Gabriel Pageau in Penguins zone.
2:56 of 2nd period - Slapshot by Jean-Gabriel Pageau.
2:56 of 2nd period - Stopped by Jacob Markstrom without a rebound.
2:57 of 2nd period - Mika Zibanejad wins face-off versus Steven Stamkos in Penguins zone.
3:02 of 2nd period - Wrist shot by Chris Kreider.
3:02 of 2nd period - Stopped by Jacob Markstrom without a rebound.
3:03 of 2nd period - Steven Stamkos wins face-off versus Mika Zibanejad in Penguins zone.
3:12 of 2nd period - Keith Aulie is hit by Chris Kreider.
4:19 of 2nd period - Snap shot by Greg Stewart.
4:19 of 2nd period - Stopped by Jacob Markstrom without a rebound.
4:20 of 2nd period - Phil Kessel wins face-off versus Joe Colborne in Penguins zone.
4:33 of 2nd period - Snap shot by Chris Kreider.
4:33 of 2nd period - Shot Misses the Net.
4:35 of 2nd period - Slapshot by John Carlson.
4:35 of 2nd period - Shot Misses the Net.
4:39 of 2nd period - Penalty to Derek Stepan is over, Derek Stepan is back on ice.
4:44 of 2nd period - Icing by Derek Stepan.
4:45 of 2nd period - Dave Bolland wins face-off versus Roope Hintz in Penguins zone.
5:10 of 2nd period - Derek Boogaard is hit by Chris Kreider and loses puck.
5:17 of 2nd period - Brian Dumoulin is hit by Nikita Kucherov and loses puck.
7:05 of 2nd period - Slapshot by Joe Pavelski.
7:05 of 2nd period - Stopped by Kristers Gudlevskis without a rebound.
7:06 of 2nd period - Jean-Gabriel Pageau wins face-off versus Derek Stepan in Canadiens zone.
7:15 of 2nd period - Slapshot by Greg Stewart.
7:15 of 2nd period - Stopped by Jacob Markstrom with a rebound.
7:22 of 2nd period - Oliver Ekman-Larsson is hit by Bryce Lampman and loses puck.
7:31 of 2nd period - Wrist shot by Derek Stepan.
7:31 of 2nd period - Shot Misses the Net.
7:33 of 2nd period - Slapshot by Derek Stepan.
7:33 of 2nd period - Stopped by Kristers Gudlevskis without a rebound.
7:34 of 2nd period - Steven Stamkos wins face-off versus Mika Zibanejad in Canadiens zone.
7:49 of 2nd period - Wrist shot by Mika Zibanejad.
7:49 of 2nd period - Shot Misses the Net.
7:51 of 2nd period - Wrist shot by Mika Zibanejad.
7:51 of 2nd period - Shot Blocked by Robert Hagg.
8:02 of 2nd period - Icing by Cam Fowler.
8:03 of 2nd period - Dave Bolland wins face-off versus Joe Colborne in Canadiens zone.
8:38 of 2nd period - Snap shot by Dave Bolland.
8:38 of 2nd period - Shot Misses the Net.
8:53 of 2nd period - Minor Penalty to Daniel Carcillo for Holding.
8:54 of 2nd period - Jean-Gabriel Pageau wins face-off versus Steven Stamkos in Canadiens zone.
10:53 of 2nd period - Penalty to Daniel Carcillo is over, Daniel Carcillo is back on ice.
11:05 of 2nd period - Snap shot by Marcus Foligno.
11:05 of 2nd period - Shot Misses the Net.
11:19 of 2nd period - Wrist shot by Nick Spaling.
11:19 of 2nd period - Shot Blocked by Keith Aulie.
11:21 of 2nd period - Snap shot by Nick Spaling.
11:21 of 2nd period - Goal by Nick Spaling - Canadiens : 2 - Penguins : 0.
11:22 of 2nd period - Jean-Gabriel Pageau wins face-off versus Nikita Kucherov in neutral zone.
11:35 of 2nd period - Snap shot by Sean Zimmerman.
11:35 of 2nd period - Stopped by Kristers Gudlevskis without a rebound.
11:36 of 2nd period - Steven Stamkos wins face-off versus Mika Zibanejad in Canadiens zone.
12:32 of 2nd period - Slapshot by Marcus Foligno.
12:32 of 2nd period - Stopped by Kristers Gudlevskis with a rebound.
12:37 of 2nd period - Off-side.
12:38 of 2nd period - Mika Zibanejad wins face-off versus Steven Stamkos in neutral zone.
12:55 of 2nd period - Slapshot by Cam Fowler.
12:55 of 2nd period - Shot Misses the Net.
13:13 of 2nd period - Wrist shot by Derek Stepan.
13:13 of 2nd period - Stopped by Kristers Gudlevskis with a rebound.
13:30 of 2nd period - Minor Penalty to Nick Spaling for Hooking.
13:31 of 2nd period - Steven Stamkos wins face-off versus Jean-Gabriel Pageau in Canadiens zone.
13:33 of 2nd period - Wrist shot by Steven Stamkos.
13:33 of 2nd period - Stopped by Kristers Gudlevskis with a rebound.
13:35 of 2nd period - Slapshot by Derek Boogaard.
13:35 of 2nd period - Goal by Derek Boogaard - Canadiens : 2 - Penguins : 1.
13:36 of 2nd period - Mika Zibanejad wins face-off versus Steven Stamkos in neutral zone.
13:41 of 2nd period - Keith Aulie is hit by Phil Kessel and loses puck.
14:03 of 2nd period - Joe Pavelski is hit by Jean-Gabriel Pageau and loses puck.
15:14 of 2nd period - Snap shot by Phil Kessel.
15:14 of 2nd period - Stopped by Jacob Markstrom without a rebound.
15:15 of 2nd period - Steve Downie wins face-off versus Roope Hintz in Penguins zone.
15:43 of 2nd period - Snap shot by Brandon Tanev.
15:43 of 2nd period - Shot Misses the Net.
16:03 of 2nd period - Snap shot by Jordan Szwarz.
16:03 of 2nd period - Shot Blocked by Robert Hagg.
16:05 of 2nd period - Backhand shot by Jordan Szwarz.
16:05 of 2nd period - Shot Blocked by Damon Severson.
16:07 of 2nd period - Backhand shot by Jordan Szwarz.
16:07 of 2nd period - Stopped by Jacob Markstrom without a rebound.
16:08 of 2nd period - Steven Stamkos wins face-off versus Jean-Gabriel Pageau in Penguins zone.
16:37 of 2nd period - Keith Aulie is hit by Mark Stuart and loses puck.
17:38 of 2nd period - Snap shot by Greg Stewart.
17:38 of 2nd period - Shot Blocked by Damon Severson.
17:40 of 2nd period - Snap shot by Jean-Gabriel Pageau.
17:40 of 2nd period - Stopped by Jacob Markstrom without a rebound.
17:41 of 2nd period - Mika Zibanejad wins face-off versus Steven Stamkos in Penguins zone.
17:52 of 2nd period - Snap shot by Chris Kreider.
17:52 of 2nd period - Shot Blocked by Oliver Ekman-Larsson.
17:54 of 2nd period - Wrist shot by Chris Kreider.
17:54 of 2nd period - Shot Hit the Post.
17:56 of 2nd period - Slapshot by Cam Fowler.
17:56 of 2nd period - Stopped by Jacob Markstrom with a rebound.
17:58 of 2nd period - Slapshot by Phil Kessel.
17:58 of 2nd period - Shot Misses the Net.
18:55 of 2nd period - Wrist shot by Clarke MacArthur.
18:55 of 2nd period - Stopped by Kristers Gudlevskis with a rebound.
18:57 of 2nd period - Wrist shot by Clarke MacArthur.
18:57 of 2nd period - Deflect By Joe Colborne.
18:57 of 2nd period - Stopped by Kristers Gudlevskis with a rebound.
18:59 of 2nd period - Wrist shot by Joe Colborne.
18:59 of 2nd period - Shot Misses the Net.
19:01 of 2nd period - Slapshot by Clarke MacArthur.
19:01 of 2nd period - Stopped by Kristers Gudlevskis without a rebound.
19:02 of 2nd period - Nikita Kucherov wins face-off versus Phil Kessel in Canadiens zone.
19:05 of 2nd period - Slapshot by Derek Boogaard.
19:05 of 2nd period - Shot Misses the Net.
19:07 of 2nd period - Minor Penalty to Phil Kessel for Holding.
19:08 of 2nd period - Steven Stamkos wins face-off versus Chris Kreider in Canadiens zone.
19:09 of 2nd period - Wrist shot by Nikita Kucherov.
19:09 of 2nd period - Stopped by Kristers Gudlevskis without a rebound.
19:10 of 2nd period - Steven Stamkos wins face-off versus Jean-Gabriel Pageau in Canadiens zone.
19:25 of 2nd period - Snap shot by Nikita Kucherov.
19:25 of 2nd period - Stopped by Kristers Gudlevskis with a rebound.
19:27 of 2nd period - Slapshot by Steven Stamkos.
19:27 of 2nd period - Stopped by Kristers Gudlevskis without a rebound.
19:28 of 2nd period - Derek Stepan wins face-off versus Jean-Gabriel Pageau in Canadiens zone.
Goals for this period are 2 for Canadiens vs 1 for Penguins.
Shots for this period are 12 for Canadiens vs 17 for Penguins.
3rd period
0:01 of 3rd period - Chris Kreider wins face-off versus Steven Stamkos in neutral zone.
0:29 of 3rd period - Wrist shot by Oliver Ekman-Larsson.
0:29 of 3rd period - Stopped by Kristers Gudlevskis with a rebound.
0:31 of 3rd period - Snap shot by Derek Stepan.
0:31 of 3rd period - Stopped by Kristers Gudlevskis without a rebound.
0:32 of 3rd period - Mika Zibanejad wins face-off versus Derek Stepan in Canadiens zone.
1:07 of 3rd period - Penalty to Phil Kessel is over, Phil Kessel is back on ice.
1:27 of 3rd period - Snap shot by Derek Stepan.
1:27 of 3rd period - Shot Blocked by Bryce Lampman.
1:29 of 3rd period - Wrist shot by Joe Pavelski.
1:29 of 3rd period - Shot Blocked by Phil Kessel.
1:31 of 3rd period - Slapshot by Robert Hagg.
1:31 of 3rd period - Stopped by Kristers Gudlevskis with a rebound.
1:33 of 3rd period - Snap shot by Jeff Skinner.
1:33 of 3rd period - Shot Misses the Net.
1:35 of 3rd period - Backhand shot by Joe Pavelski.
1:35 of 3rd period - Stopped by Kristers Gudlevskis without a rebound.
1:36 of 3rd period - Dave Bolland wins face-off versus Steven Stamkos in Canadiens zone.
1:41 of 3rd period - Wrist shot by Daniel Carcillo.
1:41 of 3rd period - Shot Misses the Net.
1:43 of 3rd period - Wrist shot by Dave Bolland.
1:43 of 3rd period - Stopped by Jacob Markstrom with a rebound.
1:45 of 3rd period - Slapshot by Philip Larsen.
1:45 of 3rd period - Shot Misses the Net.
1:47 of 3rd period - Slapshot by Philip Larsen.
1:47 of 3rd period - Stopped by Jacob Markstrom without a rebound.
1:48 of 3rd period - Nikita Kucherov wins face-off versus Dave Bolland in Penguins zone.
1:57 of 3rd period - Wrist shot by Nikita Kucherov.
1:57 of 3rd period - Shot Blocked by Brian Dumoulin.
2:15 of 3rd period - Oliver Ekman-Larsson is hit by Philip Larsen and loses puck.
3:08 of 3rd period - Snap shot by Mika Zibanejad.
3:08 of 3rd period - Stopped by Jacob Markstrom with a rebound.
3:10 of 3rd period - Slapshot by Mika Zibanejad.
3:10 of 3rd period - Stopped by Jacob Markstrom without a rebound.
3:11 of 3rd period - Joe Pavelski wins face-off versus Jean-Gabriel Pageau in Penguins zone.
3:22 of 3rd period - Wrist shot by Greg Stewart.
3:22 of 3rd period - Shot Misses the Net.
3:24 of 3rd period - Snap shot by John Carlson.
3:24 of 3rd period - Shot Misses the Net.
3:26 of 3rd period - Snap shot by Cam Fowler.
3:26 of 3rd period - Stopped by Jacob Markstrom without a rebound.
3:27 of 3rd period - Joe Colborne wins face-off versus Dave Bolland in Penguins zone.
3:58 of 3rd period - Slapshot by Steve Downie.
3:58 of 3rd period - Shot Misses the Net.
4:48 of 3rd period - Slapshot by Keith Aulie.
4:48 of 3rd period - Shot Blocked by Philip Larsen.
4:50 of 3rd period - Snap shot by Oliver Ekman-Larsson.
4:50 of 3rd period - Shot Misses the Net.
4:52 of 3rd period - Snap shot by Roope Hintz.
4:52 of 3rd period - Stopped by Kristers Gudlevskis with a rebound.
4:54 of 3rd period - Snap shot by Marcus Foligno.
4:54 of 3rd period - Shot Misses the Net.
4:56 of 3rd period - Slapshot by Oliver Ekman-Larsson.
4:56 of 3rd period - Stopped by Kristers Gudlevskis without a rebound.
4:57 of 3rd period - Jean-Gabriel Pageau wins face-off versus Derek Boogaard in Canadiens zone.
5:10 of 3rd period - Nikita Kucherov is hit by Steve Downie and loses puck.
5:49 of 3rd period - Snap shot by John Carlson.
5:49 of 3rd period - Stopped by Jacob Markstrom without a rebound.
5:50 of 3rd period - Dave Bolland wins face-off versus Derek Stepan in Penguins zone.
6:05 of 3rd period - Snap shot by Derek Stepan.
6:05 of 3rd period - Stopped by Kristers Gudlevskis without a rebound.
6:06 of 3rd period - Joe Colborne wins face-off versus Mika Zibanejad in Canadiens zone.
6:07 of 3rd period - Wrist shot by Cal Clutterbuck.
6:07 of 3rd period - Stopped by Kristers Gudlevskis with a rebound.
6:09 of 3rd period - Snap shot by Cal Clutterbuck.
6:09 of 3rd period - Stopped by Kristers Gudlevskis without a rebound.
6:10 of 3rd period - Mika Zibanejad wins face-off versus Joe Colborne in Canadiens zone.
6:26 of 3rd period - Snap shot by Chris Kreider.
6:26 of 3rd period - Shot Blocked by Cal Clutterbuck.
7:08 of 3rd period - Slapshot by Steven Stamkos.
7:08 of 3rd period - Stopped by Kristers Gudlevskis with a rebound.
7:23 of 3rd period - Off-side.
7:24 of 3rd period - Dave Bolland wins face-off versus Roope Hintz in neutral zone.
7:27 of 3rd period - Snap shot by Daniel Carcillo.
7:27 of 3rd period - Stopped by Jacob Markstrom without a rebound.
7:28 of 3rd period - Steven Stamkos wins face-off versus Jean-Gabriel Pageau in Penguins zone.
8:02 of 3rd period - Minor Penalty to Nikita Kucherov for Hooking.
8:03 of 3rd period - Phil Kessel wins face-off versus Steven Stamkos in Penguins zone.
8:17 of 3rd period - Slapshot by Chris Kreider.
8:17 of 3rd period - Stopped by Jacob Markstrom without a rebound.
8:18 of 3rd period - Steven Stamkos wins face-off versus Jean-Gabriel Pageau in Penguins zone.
8:49 of 3rd period - Icing by Chris Kreider.
8:50 of 3rd period - Mika Zibanejad wins face-off versus Derek Stepan in Canadiens zone.
9:09 of 3rd period - Snap shot by Mika Zibanejad.
9:09 of 3rd period - Stopped by Jacob Markstrom without a rebound.
9:10 of 3rd period - Jean-Gabriel Pageau wins face-off versus Steven Stamkos in Penguins zone.
10:02 of 3rd period - Penalty to Nikita Kucherov is over, Nikita Kucherov is back on ice.
11:48 of 3rd period - Snap shot by Chad Larose.
11:48 of 3rd period - Shot Misses the Net.
11:50 of 3rd period - Wrist shot by Chad Larose.
11:50 of 3rd period - Stopped by Jacob Markstrom with a rebound.
11:52 of 3rd period - Wrist shot by Jordan Szwarz.
11:52 of 3rd period - Shot Blocked by Brandon Tanev.
11:58 of 3rd period - Minor Penalty to Robert Hagg for Hooking.
11:59 of 3rd period - Derek Boogaard wins face-off versus Jean-Gabriel Pageau in Penguins zone.
12:14 of 3rd period - Wrist shot by Steven Stamkos.
12:14 of 3rd period - Stopped by Kristers Gudlevskis with a rebound.
13:50 of 3rd period - Mika Zibanejad is hit by Derek Stepan and loses puck.
13:58 of 3rd period - Penalty to Robert Hagg is over, Robert Hagg is back on ice.
14:21 of 3rd period - Brian Dumoulin is hit by Marcus Foligno and loses puck.
15:14 of 3rd period - Steve Downie is hit by Derek Boogaard.
15:56 of 3rd period - Wrist shot by Marcus Foligno.
15:56 of 3rd period - Stopped by Kristers Gudlevskis without a rebound.
15:57 of 3rd period - Nick Spaling wins face-off versus Roope Hintz in Canadiens zone.
16:08 of 3rd period - Slapshot by Brandon Tanev.
16:08 of 3rd period - Stopped by Kristers Gudlevskis without a rebound.
16:09 of 3rd period - Daniel Carcillo wins face-off versus Joe Colborne in Canadiens zone.
16:09 of 3rd period - Daniel Carcillo is hit by Cal Clutterbuck.
16:21 of 3rd period - Dave Bolland is hit by Clarke MacArthur and loses puck.
16:36 of 3rd period - Nikita Kucherov is hit by Chris Kreider and loses puck.
17:03 of 3rd period - Oliver Ekman-Larsson is hit by Jean-Gabriel Pageau and loses puck.
17:28 of 3rd period - Minor Penalty to Phil Kessel for Hooking.
17:29 of 3rd period - Jean-Gabriel Pageau wins face-off versus Steven Stamkos in Canadiens zone.
18:00 of 3rd period - Slapshot by Keith Aulie.
18:00 of 3rd period - Shot Blocked by Cam Fowler.
18:05 of 3rd period - Off-side.
18:06 of 3rd period - Derek Stepan wins face-off versus Greg Stewart in neutral zone.
19:27 of 3rd period - Minor Penalty to Oliver Ekman-Larsson for Holding.
19:28 of 3rd period - Penalty to Phil Kessel is over, Phil Kessel is back on ice.
19:28 of 3rd period - Steven Stamkos wins face-off versus Chris Kreider in Penguins zone.
19:51 of 3rd period - Keith Aulie is hit by Steve Downie and loses puck.
19:58 of 3rd period - Snap shot by Jean-Gabriel Pageau.
19:58 of 3rd period - Deflect By Steve Downie.
19:58 of 3rd period - Stopped by Jacob Markstrom with a rebound.
Goals for this period are 0 for Canadiens vs 0 for Penguins.
Shots for this period are 11 for Canadiens vs 13 for Penguins.